cohdb
Replays
Latest Replays
All Replays
Popular Replays
Top Player Replays
Match Explorer
How It Works
Community
CoH3 Stats
Reddit
Sign in to upload your games and track your stats! →
Sign in with Steam
Match 37496163
Unlisted
Match 37496163
Overview
Messages
Build Orders
End
Construct Weapon Support Center
Selects Armored Battlegroup
Selects Armored Battlegroup
Selects Veteran Crews
M1919 Machine Gun Team
Construct Barracks
Riflemen Squad
1⁄4-ton 4x4 Truck
Riflemen Squad
Air Support Center
P-47 Dive Bomb
Selects Strength in Steel
Riflemen Squad
M1918 Browning Automatic Rifles
P-47 Dive Bomb
Bazooka Squad
Bazooka Squad
Improved M9 Bazooka Rockets
Selects M8 Scott SPG
P-47 Strafing Run
Riflemen Squad
Riflemen Squad
Selects UNKNOWN (2160077)
P-47 Dive Bomb
P-47 Strafing Run
Bazooka Squad
Construct Tank Depot
P-47 Strafing Run
Selects M31 Recovery Vehicle
Selects War Machine
M4A1 Sherman Medium Tank
Engineer Squad
P-47 Dive Bomb
P-47 Strafing Run
uur
Axis Enjoyer Monkee
Tuhaf
ramses(tiriska)
DexN
PayPerPaper
SSDexterX
|-|apPy 3nD!ng
0
0
Comments
sign in to comment!
No comments posted yet!